 Dungeon Crawl Stone Soup version 0.29.1-debian-1-gc3f1650bb9 (webtiles) character file.

Game seed: 18356063181175760797

95 IdlyInterested the Conjurer (level 4, -6/34 HPs)
             Began as a Demonspawn Wanderer on Sept 12, 2022.
             Mangled by Crazy Yiuf
             ... wielding a +4 quarterstaff of chaos
              (8 damage)
             ... on level 2 of the Dungeon.
             The game lasted 00:06:38 (3019 turns).

IdlyInterested the Conjurer (Demonspawn Wanderer)   Turns: 3019, Time: 00:06:40

Health: -6/34      AC:  2    Str:  8    XL:     4   Next: 40%
Magic:  7/7        EV: 12    Int: 19    God:
Gold:   116        SH:  4    Dex: 13    Spells: 6/7 levels left

rFire   + . .      SeeInvis .   m - +0 short sword
rCold   . . .      Faith    .   (no shield)
rNeg    . . .      Spirit   .   c - +0 robe
rPois   .          Reflect  .   (no helmet)
rElec   .          Harm     .   (no cloak)
rCorr   .          Rampage  .   (no gloves)
Will    .....                   (no boots)
Stlth   ++........              (no amulet)
HPRegen 0.11/turn               o - ring of protection from fire
MPRegen 0.10/turn               (no ring)

@: no status effects
A: condensation shield
a: no special abilities


You were on level 2 of the Dungeon.
You visited 1 branch of the dungeon, and saw 2 of its levels.

You collected 116 gold pieces.

Inventory:

Hand Weapons
 a - a +0 dagger
 m - a +0 short sword (weapon)
Missiles
 i - 2 curare-tipped darts
Armour
 c - a +0 robe (worn)
Jewellery
 o - a ring of protection from fire (left hand)
Scrolls
 l - a scroll of amnesia
Potions
 b - a potion of haste
 d - a potion of lignification
 e - a potion of resistance
 g - a potion of berserk rage {unknown}
 h - a potion of might
 k - 2 potions of heal wounds {unknown}
 n - 2 potions of brilliance {unknown}
 p - a potion of flight {unknown}


   Skills:
 * Level 2.6 Fighting
 - Level 1.0 Armour
 - Level 2.0 Dodging
 + Level 1.2 Stealth
 - Level 2.0 Spellcasting
 - Level 3.0 Conjurations
 * Level 2.4 Translocations


You had 6 spell levels left.
You knew the following spells:

 Your Spells              Type           Power      Damage    Failure   Level
a - Magic Dart            Conj           52%        1d5       4%          1

Your spell library contained the following spells:

 Spells                   Type           Power      Damage    Failure   Level
 Apportation              Tloc           22%        N/A       6%          1
 Foxfire                  Conj/Fire      28%        2x1d5     9%          1
 Sting                    Tmut/Pois      4%         1d3       17%         1
 Summon Small Mammal      Summ           4%         N/A       17%         1
 Teleport Other           Tloc           11%        N/A       19%         3
 Poisonous Vapours        Pois/Air       2%         N/A       26%         2
 Call Canine Familiar     Summ           1%         N/A       45%         3
 Summon Guardian Golem    Hex/Summ       1%         N/A       45%         3
 Flame Wave               Conj/Fire      7%         2d5       65%         4
 Olgreb's Toxic Radiance  Pois           1%         N/A       86%         4


Dungeon Overview and Level Annotations

Branches:
Dungeon (2/15)

Altars:

Annotations:
D:2 Crazy Yiuf


Innate Abilities, Weirdness & Mutations

A meltable shield of frost defends you. (SH +4)


Message History

You open the door.
There is an open translucent door here.
Crazy Yiuf shouts!
You see here a +0 hammer.
Throw: 3 darts (curare)
Press: ? - help, Shift-Dir - straight line, f - Crazy Yiuf
Aim: Crazy Yiuf, wielding a +4 quarterstaff of chaos and wearing a +0 cloak (61% to hit)
You throw a curare-tipped dart. The curare-tipped dart hits Crazy Yiuf.
Crazy Yiuf is poisoned.
Crazy Yiuf convulses.
Crazy Yiuf seems to slow down.
Crazy Yiuf is lightly wounded.
You hit Crazy Yiuf. Your punch misses Crazy Yiuf.
Crazy Yiuf is moderately wounded.
Crazy Yiuf says, "Seed!
Goldfish arm childish."
Crazy Yiuf barely misses you.
You hit Crazy Yiuf but do no damage.
Crazy Yiuf is moderately wounded.
You closely miss Crazy Yiuf.
Crazy Yiuf is heavily wounded.
Crazy Yiuf hits you with a +4 quarterstaff of chaos.
You hit Crazy Yiuf but do no damage.
Crazy Yiuf is heavily wounded.
Crazy Yiuf barely misses you.
You hit Crazy Yiuf.
Crazy Yiuf is heavily wounded.
You barely miss Crazy Yiuf.
Crazy Yiuf is severely wounded.
Crazy Yiuf barely misses you.
You closely miss Crazy Yiuf.
Crazy Yiuf is severely wounded.
You barely miss Crazy Yiuf.
Crazy Yiuf is almost dead.
Crazy Yiuf hits you with a +4 quarterstaff of chaos!
You barely miss Crazy Yiuf.
Crazy Yiuf is almost dead.
Crazy Yiuf hits you with a +4 quarterstaff of chaos!
Ouch! That really hurt!
* * * LOW HITPOINT WARNING * * *
Crazy Yiuf freezes you!
You die...

#....#.........#
#.#
........###.^..#
#.#
...####....(...#
#.#
[..#######.#####
#.# ##(...# ###
#.# ####.# #.##
#.## #####
♣♣##..# #..##
#)).#♣♣ ♣♣P.+..#
##..##
#.g@'.♣♣♣♣PP....#
## ##..###
#..)#♣..♣.PP....#
.# ##...#
#####♣♣♣)♣...+..#
.# ###.#
♣♣♣♣♣##### .# #.#
.# #.##### .##
###...## ..#
###..### ..##
#######...#


You could see Crazy Yiuf (poisoned, slow).

Vanquished Creatures
  Jessica (D:2)
  2 adders (D:2)
  A worm (D:2)
  3 dart slugs (D:1)
  2 ball pythons (D:1)
  5 bats
  4 endoplasms (D:1)
  2 giant cockroaches
  2 goblins
  2 hobgoblins
  4 kobolds
  4 quokkas (D:1)
  7 frilled lizards
  3 rats (D:1)
42 creatures vanquished.

Vanquished Creatures (others)
  A plant (D:1)
1 creature vanquished.

Grand Total: 43 creatures vanquished

Notes
Turn   | Place    | Note
-------+----------+-------------------------------------------
     0 | D:1      | IdlyInterested the Demonspawn Wanderer began the quest for
                  | the Orb.
     0 | D:1      | IdlyInterested set off with the following items: a +0
                  | dagger, a potion of haste, a +0 robe, a potion of
                  | lignification; and the following spells available to
                  | memorise: Magic Dart, Foxfire, Apportation, Teleport Other,
                  | Flame Wave.
     0 | D:1      | Reached XP level 1. HP: 15/15 MP: 3/3
     4 | D:1      | Learned a level 1 spell: Magic Dart
     6 | D:1      | Noticed a spriggan
     8 | D:1      | Noticed a draconian
     8 | D:1      | Noticed an ogre
    10 | D:1      | Noticed a palentonga
    10 | D:1      | Noticed a gargoyle
    12 | D:1      | Noticed an elf
    12 | D:1      | Noticed a demonspawn
    14 | D:1      | Noticed a formicid
    14 | D:1      | Noticed an octopode
    16 | D:1      | Noticed a demigod
    18 | D:1      | Noticed a merfolk
    18 | D:1      | Noticed a naga
    20 | D:1      | Noticed a vine stalker
    20 | D:1      | Noticed a troll
    22 | D:1      | Noticed a ghoul
    22 | D:1      | Noticed a felid
    24 | D:1      | Noticed a minotaur
    24 | D:1      | Noticed a vampire
    26 | D:1      | Noticed a meteoran
    28 | D:1      | Noticed a felid
    28 | D:1      | Noticed a human
   361 | D:1      | Found a faded altar of an unknown god.
   620 | D:1      | Gained mutation: A meltable shield of frost defends you.
                  | (SH +4) [demonic ancestry]
   620 | D:1      | Reached XP level 2. HP: 21/21 MP: 5/5
  1326 | D:1      | Reached XP level 3. HP: 18/27 MP: 6/6
  2453 | D:2      | Noticed Jessica
  2461 | D:2      | Killed Jessica
  2462 | D:2      | Reached XP level 4. HP: 29/34 MP: 7/7
  2587 | D:2      | Found a runed translucent door.
  2588 | D:2      | Noticed Crazy Yiuf
  3019 | D:2      | Mangled by Crazy Yiuf

Illustrated notes

Levels and vault maps discovered:
D:1:      kb_arrival_jail, layout_loops_ring,
          dreamdust_ecumenical_altar_statues, serial_bayou_crossing
D:2:      layout_rooms, uniq_crazy_yiuf_cottage, uniq_jessica

Skill      XL: |  1  2  3 |
---------------+----------+-----
Fighting       | 2 |  2.6
Translocations | 2 |  2.4
Dodging        | 2 |  2.0
Armour         | |  1.0
Stealth        | |  1.2
Spellcasting   | |  2.0
Conjurations   | |  3.0

Action                   |  1- 3 |  4- 6 || total
-------------------------+-------+-------++-------
Melee: Dagger            |    58 |       ||    58
       Short sword       |    59 |    29 ||    88
       Punch             |     1 |       ||     1
Throw: Dart              |       |     1 ||     1
 Cast: Magic Dart        |    36 |     8 ||    44
  Use: Scroll            |     4 |     1 ||     5
 Stab: Sleeping          |     5 |       ||     5
Armor: Robe              |    20 |     5 ||    25
Dodge: Dodged            |    66 |    19 ||    85
Block: Other             |    24 |     7 ||    31
